 Dungeon Crawl Stone Soup version 0.27.1-34-g3ba077fa99 (webtiles) character file.

Game seed: 1523263525339872456

31 lonewolfV2 the Skirmisher (level 3, 0/31 HPs)
             Began as a Draconian Berserker on Jan 7, 2022.
             Was a Follower of Trog.
             Slain by a sky beast (1 damage)
             ... on level 3 of the Dungeon.
             The game lasted 00:03:05 (1996 turns).

lonewolfV2 the Skirmisher (Draconian Berserker)     Turns: 1996, Time: 00:03:06

Health: 0/31       AC:  5    Str: 20    XL:     3   Next: 7%
Magic:  3/3        EV: 12    Int:  7    God:    Trog [*.....]
Gold:   64         SH:  0    Dex: 10    Spells: 2/2 levels left

rFire    . . .     SeeInvis .   a - +1 hand axe
rCold    . . .     Faith    .   (no shield)
rNeg     . . .     Spirit   .   (armour unavailable)
rPois    .         Reflect  .   (helmet restricted)
rElec    .         Harm     .   (no cloak)
rCorr    .         Rampage  .   (no gloves)
Will     .....                  (no boots)
Stlth    +.........             (no amulet)
HPRegen  0.10/turn              (no ring)
MPRegen  0.08/turn              (no ring)

@: no status effects
A: AC +5, unfitting armour, cold-blooded
a: Renounce Religion, Berserk


You were on level 3 of the Dungeon.
You worshipped Trog.
Trog was aware of your devotion.
You visited 1 branch of the dungeon, and saw 3 of its levels.

You collected 64 gold pieces.

Inventory:

Hand Weapons
 a - a +1 hand axe (weapon)
Scrolls
 b - 2 scrolls of blinking
 c - a scroll of identify


   Skills:
 + Level 3.6 Fighting
 + Level 3.6 Axes
 + Level 3.0 Dodging


You had 2 spell levels left.
You didn't know any spells.
Your spell library was empty.

Dungeon Overview and Level Annotations

Branches:
Dungeon (3/15)

Altars:


Innate Abilities, Weirdness & Mutations

Your plain brown scales are hard. (AC +5)
You cannot fit into any form of body armour.
You are cold-blooded and may be slowed by cold attacks.


Message History

The sky beast misses you.
You completely miss the sky beast.
The sky beast is lightly wounded.
The sky beast hits you but does no damage.
You hit the sky beast.
Your tail-slap misses the sky beast.
The sky beast is lightly wounded.
The sky beast barely misses you.
You hit the sky beast.
The sky beast is moderately wounded.
The sky beast closely misses you.
You hit the sky beast.
The sky beast is moderately wounded.
The sky beast hits you but does no damage.
You hit the sky beast.
The sky beast is moderately wounded.
The sky beast hits you. The sky beast shocks you.
You barely miss the sky beast.
The sky beast is moderately wounded.
The sky beast hits you but does no damage.
You hit the sky beast.
The sky beast is heavily wounded.
The sky beast hits you but does no damage.
You barely miss the sky beast.
The sky beast is heavily wounded.
The sky beast flickers out of sight!
Deactivating autopickup; reactivate with Ctrl-A.
Something hits you. Something shocks you.
You hit something but do no damage. Something hits you but does no damage.
Something hits you. Something shocks you.
* * * LOW HITPOINT WARNING * * *
You miss something. Something hits you but does no damage.
You closely miss something. Something hits you.
* * * LOW HITPOINT WARNING * * *
Something shocks you.
* * * LOW HITPOINT WARNING * * *
You aren't carrying any potions.
You closely miss something.
A worm comes into view.
Something hits you.
You die...

#.. #+#####.#
........#
........##♣♣♣ ♣
.........+..♣.♣
.........w...♣
............♣
####≈.+ #.@{.##
#.#### #....#
#...####
#...##.###+##
#.†....#....#
#....###....#
##..........#
#.#.###....#


You could see a worm (wandering).

Vanquished Creatures
  A dart slug (D:3)
  4 bats
  5 endoplasms
  A giant cockroach (D:1)
  A hobgoblin (D:1)
  2 jackals (D:1)
  A quokka (D:2)
  A ball python (D:2)
  A frilled lizard (D:3)
  5 goblins
  A kobold (D:1)
  2 rats (D:1)
25 creatures vanquished.

Notes
Turn   | Place    | Note
-------+----------+-------------------------------------------
     0 | D:1      | lonewolfV2 the Draconian Berserker began the quest for the
                  | Orb.
     0 | D:1      | Reached XP level 1. HP: 19/19 MP: 1/1
   263 | D:1      | Reached XP level 2. HP: 26/26 MP: 2/2
  1138 | D:2      | Found a faded altar of an unknown god.
  1884 | D:3      | Reached XP level 3. HP: 31/31 MP: 3/3
  1978 | D:3      | Noticed a sky beast
  1995 | D:3      | HP: 1/31 [something (5)]
  1996 | D:3      | Slain by a sky beast

Illustrated notes

Levels and vault maps discovered:
D:1:      zaba_arrival_water, layout_basic, serial_glass, glass_columns_b,
          glass_columns_a, minmay_strange_pillars, feat_on_display,
          due_unseen_surprise, item_on_display_a, grunt_decor_arrowhead
D:2:      layout_loops_ring, ebering_ecumenical_altar_box
D:3:      layout_basic, serial_shops, shop, uniq_crazy_yiuf_cottage, uniq_ijyb

Skill      XL: |  1  2 |
---------------+-------+-----
Dodging        | 3 |  3.0
Fighting       | |  3.6
Axes           | |  3.6

Action                   || total
-------------------------++-------
Melee: Hand axe          ||    98
       Tailslap          ||     9
  Use: Scroll            ||     4
Armor: Skin              ||    62
Dodge: Dodged            ||   110
